Map: [ESL] Goldenaura

Players

Dolan

  • Race: Terran Terran
  • Spawn Location: 12:00

Nina - Winner!

  • Race: Protoss Protoss
  • Spawn Location: 5:00

Event: ESL SC2 Masters 2023 Winter (Regional)

VOD

Have the link to the VOD?

Description

Time

  • Played on: Nov. 3, 2023, 2:37 p.m.
  • Length: 12:17

All games in this series

Show
View Real Time Build Order
Export as new Build Order

Dolan Terran 

Build Orders: Mech 

Get SALT Encoding   

  12  0:00  SCV  
  13  0:12  SCV  
  14  0:16  Supply Depot  
  14  0:24  SCV  
  15  0:38  SCV  
  15  0:39  Barracks  
  16  0:43  Refinery  
  16  0:50  SCV  
  16  0:52  Refinery  
  17  1:02  SCV  
  18  1:05  Supply Depot  
  18  1:14  SCV  
  19  1:27  Orbital Command, Reaper  
  20  1:44  Factory  
  20  1:54  SCV  
  20  1:59  Barracks Reactor  
  21  2:06  SCV  
  22  2:18  SCV  
  22  2:21  Command Center  
  23  2:29  Hellion  
  25  2:31  SCV  
  25  2:36  Reaper x2  
  28  2:43  SCV  
  29  2:45  Supply Depot  
  29  2:50  Hellion  
  31  2:58  Starport  
  31  3:07  SCV  
  32  3:18  Barracks Tech Lab  
  32  3:19  SCV  
  33  3:22  Cyclone  
  33  3:23  Cyclone  
  33  3:25  Refinery  
  37  3:31  SCV  
  33  3:59  Cyclone x2  
  33  4:01  Orbital Command, SCV  
  36  4:07  Raven, Interference Matrix  
  38  4:13  SCV  
  38  4:16  Supply Depot  
  39  4:17  Refinery  
  39  4:24  Barracks Tech Lab  
  39  4:25  SCV  
  39  4:27  SCV  
  43  4:31  Cyclone x2  
  46  4:38  SCV  
  46  4:39  SCV  
  46  4:41  Supply Depot  
  46  4:45  Raven  
  49  4:56  SCV x2  
  51  5:03  Supply Depot  
  51  5:11  Factory  
  51  5:12  Factory, SCV x2  
  51  5:13  Siege Tank  
  56  5:22  Factory  
  56  5:24  SCV  
  56  5:25  SCV  
  56  5:26  Barracks Reactor  
  58  5:37  SCV x2  
  58  5:38  Supply Depot  
  60  5:43  Starport Reactor  
  60  5:56  Hellion x2  
  64  6:04  Siege Tank x2  
  64  6:05  SCV x2  
  68  6:17  SCV x2  
  68  6:22  Hellion x4  
  68  6:23  Infernal Pre-Igniter  
  73  6:36  Siege Tank  
  76  6:45  Supply Depot  
  76  6:46  Hellion, Supply Depot  
  78  6:50  Hellion x3, SCV x2  
  86  7:07  Siege Tank  
  89  7:09  Siege Tank  
  90  7:27  Liberator, Hellion x4  
  101  7:34  Liberator  
  104  7:38  SCV x2  
  104  7:39  Siege Tank  
  109  7:48  Siege Tank  
  102  8:11  Siege Tank  
  95  8:20  Siege Tank  
  98  8:27  Hellion x4  
  106  8:40  SCV x2  
  108  8:43  Siege Tank  
  108  8:44  Command Center  
  111  8:52  Siege Tank  
  109  9:00  Hellion x2  
  106  9:10  Liberator  
  106  9:15  Siege Tank  
  88  9:24  Siege Tank  
  88  9:26  Hellion x4  
  88  9:31  SCV x2  
  99  9:43  SCV x2  
  99  9:45  Liberator  
  101  9:48  Siege Tank  
  97  9:55  SCV x2  
  81  10:00  Orbital Command  
  78  10:07  SCV x2  
  78  10:09  Engineering Bay  
  78  10:12  Engineering Bay  
  78  10:13  Supply Depot  
  77  10:19  SCV x2  
  77  10:21  Siege Tank x2  
  85  10:27  Hellion x2  
  89  10:33  Cyclone  
  89  10:35  Cyclone  
  93  10:37  Bunker  
  90  10:44  SCV x2  
  92  10:50  Supply Depot x2  
  88  11:05  SCV x2  
  88  11:10  Siege Tank x2  
  94  11:24  Hellion x2, Cyclone x2  
  99  11:35  Sensor Tower  
  99  11:39  Supply Depot  
  99  11:41  Supply Depot  
  99  11:49  Factory  
Show
View Real Time Build Order
Export as new Build Order

Nina Protoss - Winner!

Build Orders: 1 Gate Expand, Blink Stalkers 

Get SALT Encoding   

  12  0:00  Probe  
  13  0:12  Probe  
  14  0:18  Pylon  
  14  0:24  Probe (Chrono Boost)  
  15  0:37  Gateway, Probe (Chrono Boost)  
  16  0:45  Probe (Chrono Boost)  
  16  0:46  Assimilator  
  17  0:51  Probe  
  18  1:03  Probe  
  19  1:15  Probe  
  20  1:25  Cybernetics Core  
  20  1:34  Nexus  
  20  1:42  Pylon  
  20  1:44  Probe  
  21  1:56  Assimilator, Probe  
  21  2:01  Stalker (Chrono Boost)  
  22  2:05  Warp Gate  
  24  2:09  Probe  
  25  2:21  Probe  
  26  2:24  Stalker  
  28  2:33  Probe  
  29  2:39  Twilight Council  
  29  2:45  Probe  
  29  2:47  Probe  
  29  2:50  Shield Battery  
  31  2:56  Stalker (Chrono Boost)  
  31  2:57  Probe  
  34  2:59  Probe  
  35  3:09  Probe  
  35  3:11  Probe  
  35  3:12  Blink (Chrono Boost)  
  37  3:21  Probe  
  37  3:25  Gateway, Probe  
  39  3:32  Robotics Facility  
  39  3:33  Probe  
  37  3:54  Probe (Chrono Boost)  
  36  3:59  Stalker, Probe (Chrono Boost)  
  38  4:06  Probe (Chrono Boost)  
  40  4:10  Assimilator  
  40  4:11  Probe x2 (Chrono Boost)  
  40  4:12  Pylon  
  41  4:19  Observer (Chrono Boost), Probe  
  41  4:21  Stalker, Probe  
  46  4:27  Pylon  
  46  4:31  Probe  
  46  4:33  Probe  
  46  4:37  Robotics Bay  
  48  4:43  Probe  
  48  4:45  Probe  
  50  4:46  Observer  
  50  4:51  Observer  
  51  4:52  Assimilator  
  51  4:54  Stalker  
  51  4:56  Probe (Chrono Boost)  
  51  4:58  Probe (Chrono Boost)  
  55  5:02  Stalker  
  55  5:04  Pylon  
  57  5:08  Probe (Chrono Boost)  
  57  5:09  Observer  
  59  5:15  Probe (Chrono Boost)  
  59  5:16  Probe (Chrono Boost)  
  60  5:21  Probe  
  60  5:22  Probe  
  60  5:23  Pylon  
  60  5:24  Disruptor (Chrono Boost)  
  60  5:25  Stalker  
  68  5:33  Probe  
  68  5:34  Probe  
  70  5:39  Nexus  
  70  5:41  Pylon  
  70  5:52  Observer, Gateway  
  70  5:53  Disruptor (Chrono Boost)  
  70  5:56  Gateway  
  74  6:06  Observer  
  74  6:12  Stalker  
  74  6:13  Stalker  
  74  6:14  Probe  
  74  6:16  Probe  
  74  6:18  Gateway  
  80  6:20  Gateway  
  80  6:26  Disruptor  
  81  6:37  Charge  
  81  6:38  Gateway, Probe x2  
  83  6:42  Stalker  
  85  6:48  Pylon  
  85  6:50  Probe, Pylon  
  85  6:51  Probe  
  87  6:59  Probe  
  86  7:02  Probe  
  86  7:06  Disruptor (Chrono Boost)  
  85  7:08  Stalker x3  
  85  7:09  Stalker  
  85  7:11  Probe (Chrono Boost)  
  85  7:13  Robotics Facility  
  99  7:20  Shield Battery, Probe (Chrono Boost)  
  100  7:22  Forge  
  100  7:24  Probe (Chrono Boost)  
  100  7:27  Probe (Chrono Boost)  
  101  7:34  Disruptor, Stalker x3  
  101  7:37  Probe  
  110  7:49  Pylon  
  110  7:51  Pylon x2  
  110  7:56  Shield Battery  
  106  8:10  Disruptor (Chrono Boost)  
  114  8:14  Disruptor (Chrono Boost)  
  106  8:23  Stalker x5  
  106  8:27  Photon Cannon, Protoss Ground Weapons Level 1 (Chrono Boost)  
  110  8:29  Photon Cannon  
  110  8:31  Shield Battery  
  110  8:38  Pylon  
  110  8:42  Stalker x2  
  106  9:00  Stalker x4  
  106  9:08  Immortal  
  106  9:09  Probe  
  109  9:18  Nexus  
  109  9:24  Zealot x7  
  110  9:31  Disruptor  
  117  9:42  Pylon  
  117  9:50  Disruptor  
  117  9:55  Pylon  
  117  9:58  Nexus  
  113  10:01  Stalker x3  
  113  10:02  Pylon, Stalker x2  
  123  10:08  Pylon  
  124  10:14  Probe (Chrono Boost)  
  124  10:15  Probe (Chrono Boost)  
  124  10:16  Immortal  
  131  10:28  Photon Cannon  
  131  10:32  Stalker  
  131  10:34  Stalker  
  133  10:37  Stalker  
  133  10:40  Probe  
  134  10:44  Probe  
  134  10:47  Photon Cannon  
  134  10:49  Probe  
  136  10:52  Probe  
  136  10:56  Warp Prism (Chrono Boost)  
  137  11:04  Probe  
  137  11:05  Probe  
  137  11:07  Zealot  
  137  11:08  Warp Prism (Chrono Boost)  
  139  11:25  Immortal  
  139  11:40  Zealot x6  
  139  11:42  Gateway  
  139  11:44  Gateway  
  133  11:59  Stalker  
  127  12:02  Probe x3  
  126  12:14  Nexus  
  123  12:15  Stalker x3  
  127  12:16  Stalker x2  
Tags
 
Add a new tag
Caveats
  • Supply blocks, unpowered buildings, or Contaminate may cause inaccurate times.
  • Supply counts are checked every 10 seconds.